 Dungeon Crawl Stone Soup version 0.21.1-1-g345015f (webtiles) character file.

11650 Monsterracer the Martial Artist (level 11, -3/76 HPs)
             Began as an Octopode Monk on Feb 12, 2018.
             Was an Initiate of Gozag.
             Slain by a yak (16 damage)
             ... on level 10 of the Dungeon.
             The game lasted 00:24:02 (14443 turns).

Monsterracer the Martial Artist (Octopode Monk)    Turns: 14443, Time: 00:24:03

Health: -3/76      AC:  3    Str: 11    XL:     11   Next: 81%
Magic:  11/11      EV: 16    Int: 15    God:    Gozag
Gold:   58         SH: 11    Dex: 15    Spells: 10/10 levels left

rFire    . . .     SeeInvis .     - Unarmed
rCold    . . .     Gourm    .   j - +1 shield
rNeg     . . .     Faith    .   B - +2 hat
rPois    .         Spirit   .   (no amulet)
rElec    .         Reflect  .   u - +3 ring of slaying
rCorr    +         Harm     .   D - ring of resist corrosion {!d}
MR       .....                  (no ring)
Stlth    +++++.....             (no ring)
HPRegen  0.22/turn              (no ring)
MPRegen  0.12/turn              (no ring)
                                (no ring)
                                (no ring)

@: no status effects
A: almost no armour, stealthy swim, amphibious, 8 rings, constrict 8, camouflage
1, gelatinous body 1
a: Potion Petition, Call Merchant, Bribe Branch, Renounce Religion


You were on level 10 of the Dungeon.
You worshipped Gozag.
Gozag was noncommittal.
You were not hungry.

You visited 1 branch of the dungeon, and saw 10 of its levels.
You also visited: Ossuary.

You collected 2049 gold pieces.
You spent 1181 gold pieces at shops.
You paid 810 gold pieces to Gozag.

Inventory:

Hand Weapons
 b - a +2 dagger of chaos
 w - the +1 dagger "Gabrevocw" {venom, rPois}
   (You found it on level 7 of the Dungeon)

   It poisons the flesh of those it strikes.
   It protects you from poison.
Missiles
 e - 2 throwing nets
 t - 91 stones (quivered)
Armour
 j - a +1 shield (worn)
 m - a +0 large shield
 B - a +2 hat (worn)
Jewellery
 u - a +3 ring of slaying (left tentacle)
 D - a ring of resist corrosion (right tentacle) {!d}
 E - an uncursed ring of ice
Wands
 g - a wand of flame (14)
 z - a wand of paralysis (9)
Scrolls
 a - 3 scrolls of blinking
 d - 2 scrolls of remove curse
 f - 8 scrolls of teleportation
 s - 2 scrolls of fog
 y - a scroll of summoning {!r}
 C - a scroll of enchant weapon
Potions
 h - 4 potions of heal wounds
 k - 4 potions of flight
 l - 2 potions of might
 n - 2 potions of cancellation
 o - a potion of lignification
 p - a potion of invisibility
 q - a potion of haste {unknown}
 r - 2 potions of ambrosia {!q}
 v - a potion of brilliance {unknown}
 x - a potion of resistance {unknown}
 A - a potion of degeneration {unknown}
Comestibles
 c - 19 rations


   Skills:
 + Level 7.7 Fighting
 - Level 2.1 Short Blades
 + Level 7.7 Dodging
 - Level 10.0 Stealth
 + Level 6.9 Shields
 * Level 12.1 Unarmed Combat


You had 10 spell levels left.
You didn't know any spells.

Dungeon Overview and Level Annotations

Branches:
Dungeon (10/15)            Temple (0/1) D:6             Orc (0/2) D:9
   Lair: D:8-11

Altars:
Cheibriados
Elyvilon
Gozag
Makhleb
Nemelex Xobeh
Qazlal
Xom
Zin

Shops:
D:4 *   D:7 [   D:8 ?   D:9 }(   D:10 (}}


Innate Abilities, Weirdness & Mutations

You cannot wear most types of armour.
You are very stealthy in the water. (Stealth+)
You are amphibious.
You can wear up to eight rings at the same time.
You can use your tentacles to constrict eight enemies at once.
Your skin changes colour to match your surroundings (Stealth+).
Your rubbery body absorbs attacks. (AC +1, EV +1)


Message History

You feel sick.
The kobold throws a stone.
The stone hits you but does no damage.
You take 2 damage, and have 7/112 hp.
* * * LOW HITPOINT WARNING * * *
You feel sick.
You pummel the kobold!!
You kill the kobold!
* * * LOW HITPOINT WARNING * * *
You feel sick.
You take 1 damage, and have 6/112 hp.
Evoke which item? (* to show all) (? for menu, Esc to quit)
Aiming: Throw Flame
Press: ? - help, Shift-Dir - straight line, f/p - Sonja
Aim: Sonja, wielding a blowgun and carrying a wand of disintegration (5) (almost dead)
The puff of flame misses Sonja.
* * * LOW HITPOINT WARNING * * *
You feel sick.
You take 1 damage, and have 5/112 hp.
Evoke which item? (* to show all) (? for menu, Esc to quit)
Aiming: Throw Flame
Press: ? - help, Shift-Dir - straight line, f/p - Sonja
Aim: Sonja, wielding a blowgun and carrying a wand of disintegration (5) (almost dead)
The puff of flame hits Sonja.
You kill Sonja!
You feel yourself speed up.
* * * LOW HITPOINT WARNING * * *
You feel sick.
You take 1 damage, and have 4/114 hp.
You feel better.
Your transformation is almost over.
You regained 8 hp, and now have 12/114 hp.
You start resting.
Your extra speed is starting to run out.
You regained 2 hp, and now have 14/114 hp.
A big kobold is nearby!
Unknown command.
A big kobold is nearby!
You feel less wooden.
Your +2 hat unmelds from your body.
You now have 10/76 hp.
There is an escape hatch in the floor, spattered with blood here.
You close the door, pushing everything out of the way.
There is an escape hatch in the floor, spattered with blood here.
You see here 2 stones.
You start resting.
You feel yourself slow down.
You start resting.
A big kobold opens the door.
It is wielding a short sword.
The big kobold completely misses you.
There is an open door, spattered with blood here.
You tentacle-slap the big kobold. You grab the big kobold.
The big kobold is lightly wounded.
You constrict the big kobold, but do no damage.
The big kobold barely misses you.
You bludgeon the big kobold! You tentacle-slap the big kobold!
The big kobold is almost dead.
You constrict the big kobold. You block the big kobold's attack.
You tentacle-slap the big kobold.
You kill the big kobold!
You feel a little less agile now.
You now have 58 gold pieces (gained 23).
Things that are here:
a short sword; a curare-tipped needle Unknown command.
Key pressed, stopping explore.
Key pressed, stopping explore.
Key pressed, stopping explore.
Key pressed, stopping explore.
You regained 29 hp, and now have 41/76 hp.
A yak is nearby!
A yak is nearby!
You are too injured to fight recklessly!
There is an open door, spattered with blood here.
There is an escape hatch in the floor, spattered with blood here.
You see here 2 stones.
You block the yak's attack.
There is an open door here.
You barely miss the yak. You bludgeon the yak!
The yak is lightly wounded.
The cyclops throws a large rock.
The large rock hits you!!
* * * LOW HITPOINT WARNING * * *
The yak completely misses you.
You take 33 damage, and have 10/76 hp.
MASSIVE DAMAGE!!
You block the yak's attack.
There is an entrance to Duddevve's Weapon Emporium here.
You block the yak's attack.
You see here a ring mail.
There is an open door here.
There is an open door here.
You bludgeon the yak!
The yak is severely wounded.
You block the yak's attack.
You tentacle-slap the yak.
The yak is severely wounded.
You tentacle-slap the yak.
The yak is almost dead.
The yak gores you!
You die...
Your body crumbles into a pile of gold.

#.....#### #.......#
##.......# #.##(####
#######.# #.#..# #.#
#....## #.# #.∩.#[#
#####[## #...#'#####
#......# #.#.......#
#>...[.####.........#
#.....@Y.##[........#
#......#..'.........###
#......####.).......'..
#......# #.........###
#......# #.........#
######......#
#.........#
#...........#
####'######
#.########'## #..## #.#
#..# ##..#


You could see a yak.

Vanquished Creatures
  Fannar (D:10)
  Erolcha (D:9)
  2 two-headed ogres (D:10)
  Sonja (D:10)
  Pikel (D:4)
  Psyche (D:10)
  Grinder (D:3)
  Prince Ribbit (D:5)
  2 hippogriffs
  A wyvern (D:10)
  15 yaks
  2 steam dragons (D:8)
  A water moccasin (D:10)
  4 orc warriors
  3 slaves (D:4)
  2 ice beasts (D:10)
  2 sky beasts (D:7)
  4 ogres
  2 centaurs
  Blork the orc (D:5)
  3 big kobolds
  4 bullfrogs
  A gnoll sergeant (D:8)
  10 killer bees (D:7)
  5 howler monkeys
  2 crimson imps
  3 bullfrog zombies
  5 hounds
  2 jellies
  A quasit (D:8)
  2 centaur zombies
  3 centaur skeletons
  3 orc priests
  A bullfrog skeleton (D:9)
  10 orc wizards
  4 iguanas
  7 worker ants
  A big kobold zombie (Ossuary)
  2 hound zombies
  2 hound skeletons
  9 mummies
  Robin (D:1)
  12 gnolls
  8 adders
  3 shadow imps
  An adder zombie (D:7)
  A worm (D:2)
  A dart slug (D:2)
  5 leopard geckos
  43 orcs
  3 ball pythons
  4 giant cockroaches
  5 hobgoblins
  10 jackals
  A quokka (D:7)
  7 bats
  6 frilled lizards
  17 goblins
  2 hobgoblin zombies (Ossuary)
  18 kobolds
  5 kobold zombies
  A leopard gecko skeleton (D:6)
  2 orc zombies
  A quokka skeleton (D:5)
  4 rats
289 creatures vanquished.

Notes
Turn   | Place    | Note
-------+----------+-------------------------------------------
     0 | D:1      | Monsterracer the Octopode Monk began the quest for the Orb.
     0 | D:1      | Reached XP level 1. HP: 16/16 MP: 1/1
    23 | D:1      | HP: 6/16 [leopard gecko (4)]
   389 | D:1      | Reached XP level 2. HP: 21/21 MP: 2/2
   975 | D:2      | Reached skill level 4 in Unarmed Combat
  1027 | D:2      | Reached XP level 3. HP: 26/26 MP: 3/3
  1115 | D:2      | Noticed Robin
  1118 | D:2      | HP: 13/26 [goblin/dagger[Robin] (9)]
  1124 | D:2      | HP: 10/26 [goblin/dagger[Robin] (2)]
  1287 | D:1      | HP: 6/26 [Robin/enchanted club (9)]
  1290 | D:1      | Killed Robin
  1537 | D:2      | HP: 10/26 [hobgoblin/club[Robin] (7)]
  1547 | D:2      | HP: 9/26 [goblin/uncursed club[Robin] (2)]
  1552 | D:2      | HP: 8/26 [goblin/stone[Robin] (1)]
  2198 | D:2      | Reached XP level 4. HP: 31/31 MP: 4/4
  2203 | D:2      | HP: 15/31 [frilled lizard (2)]
  2206 | D:2      | Reached skill level 5 in Unarmed Combat
  2396 | D:2      | HP: 12/31 [adder (4)]
  2402 | D:2      | HP: 10/31 [poisoned by an adder]
  2404 | D:2      | HP: 1/31 [worm (10)]
  2752 | D:3      | Reached XP level 5. HP: 33/36 MP: 5/5
  3016 | D:3      | Noticed Grinder
  3186 | D:3      | HP: 14/36 [Grinder (6)]
  3189 | D:3      | Killed Grinder
  3189 | D:3      | Reached skill level 7 in Unarmed Combat
  3189 | D:3      | Reached XP level 6. HP: 10/42 MP: 6/6
  3212 | D:3      | HP: 11/42 [goblin/club (2)]
  3840 | D:4      | HP: 21/42 [poisoned by a worker ant]
  3846 | D:4      | HP: 18/42 [poisoned by a worker ant]
  3853 | D:4      | HP: 16/42 [poisoned by a worker ant]
  3860 | D:4      | HP: 15/42 [poisoned by a worker ant]
  3868 | D:4      | HP: 14/42 [poisoned by a worker ant]
  4086 | D:4      | Reached XP level 7. HP: 29/46 MP: 7/7
  4172 | D:4      | Reached skill level 1 in Shields
  4258 | D:4      | HP: 19/46 [orc wizard/dagger (5)]
  4308 | D:4      | Noticed Pikel
  4324 | D:4      | Found a sand-covered staircase.
  4330 | Ossuary  | Entered an ossuary
  4461 | Ossuary  | HP: 21/46 [mummy (7)]
  4925 | Ossuary  | HP: 22/46 [mummy (17)]
  5230 | D:4      | HP: 21/46 [slave[Pikel] (9)]
  5408 | D:4      | Killed Pikel
  5408 | D:4      | Reached skill level 8 in Unarmed Combat
  5408 | D:4      | Reached XP level 8. HP: 35/54 MP: 8/8
  5699 | D:4      | Reached skill level 5 in Stealth
  5764 | D:4      | Found an opulent altar of Gozag.
  5764 | D:4      | Found a white marble altar of Elyvilon.
  5769 | D:4      | Found a sparkling altar of Nemelex Xobeh.
  5771 | D:4      | Found a snail-covered altar of Cheibriados.
  5772 | D:4      | Found a burning altar of Makhleb.
  5795 | D:4      | Became a worshipper of Gozag Ym Sagoz the Greedy
  5894 | D:4      | Found Nugubb's General Store.
  5901 | D:4      | Bought a potion of curing for 39 gold pieces
  6141 | D:4      | HP: 25/54 [ogre/giant spiked club (29)]
  6243 | D:4      | HP: 25/54 [ogre/giant spiked club (18)]
  6447 | D:5      | Entered Level 5 of the Dungeon
  6449 | D:5      | Noticed Blork the orc
  6460 | D:5      | Killed Blork the orc
  6472 | D:5      | HP: 27/54 [poisoned by an adder]
  6480 | D:5      | HP: 27/54 [poisoned by an adder]
  6640 | D:5      | Noticed Prince Ribbit
  6650 | D:5      | HP: 26/54 [Prince Ribbit (11)]
  6651 | D:5      | HP: 5/54 [Prince Ribbit (10)]
  6654 | D:5      | Killed Prince Ribbit
  6958 | D:5      | Reached XP level 9. HP: 47/59 MP: 9/9
  6964 | D:5      | Reached skill level 9 in Unarmed Combat
  7472 | D:6      | Found a staircase to the Ecumenical Temple.
  7548 | D:6      | Found a glowing silver altar of Zin.
  7550 | D:6      | Noticed an angel
  7557 | D:6      | Reached skill level 5 in Fighting
  7561 | D:6      | Reached skill level 5 in Dodging
  7566 | D:6      | Found a shimmering altar of Xom.
  8597 | D:7      | Found Faprapleq's Armour Shop.
  8830 | D:7      | HP: 28/61 [killer bee (8)]
  9355 | D:7      | Got a transparent dagger
  9374 | D:7      | Identified the cursed +1 dagger "Gabrevocw" {venom, rPois} (You found it on level 7 of the Dungeon)
  9620 | D:8      | Reached skill level 10 in Unarmed Combat
  9785 | D:8      | Found Idarag's Magic Scroll Emporium.
  9795 | D:8      | Bought a scroll of teleportation for 39 gold pieces
  9795 | D:8      | Bought a scroll of summoning for 123 gold pieces
  9878 | D:7      | Reached XP level 10. HP: 52/68 MP: 10/10
 10051 | D:8      | HP: 33/68 [big kobold/brightly glowing falchion {slice} (6)]
 10059 | D:8      | HP: 31/68 [centaur/arrow (2)]
 10062 | D:8      | Reached skill level 5 in Shields
 10241 | D:8      | Got a brightly glowing falchion {slice}
 10299 | D:8      | Found a stormy altar of Qazlal.
 10769 | D:9      | Noticed Erolcha
 10775 | D:9      | Killed Erolcha
 10919 | D:9      | HP: 30/69 [yak (13)]
 11182 | D:9      | Found Zupsuzya's Weapon Boutique.
 11184 | D:9      | Found a staircase to the Orcish Mines.
 11194 | D:9      | Found Feorrem's Gadget Shop.
 11312 | D:9      | Reached skill level 11 in Unarmed Combat
 11829 | D:10     | Entered Level 10 of the Dungeon
 11845 | D:10     | Noticed Psyche
 11855 | D:10     | Killed Psyche
 11913 | D:10     | Reached XP level 11. HP: 72/74 MP: 11/11
 11960 | D:10     | Noticed Fannar
 11961 | D:10     | Found Duddevve's Weapon Emporium.
 11990 | D:10     | HP: 35/74 [ice beast[Fannar] (14)]
 12175 | D:10     | Found Darrones's Food Emporium.
 12237 | D:10     | Reached skill level 1 in Short Blades
 12242 | D:10     | HP: 29/75 [yak (11)]
 12247 | D:10     | HP: 12/75 [yak (18)]
 12532 | D:10     | Bought a ration for 70 gold pieces
 12532 | D:10     | Bought a ration for 70 gold pieces
 12532 | D:10     | Bought a ration for 70 gold pieces
 12532 | D:10     | Bought a ration for 70 gold pieces
 12532 | D:10     | Bought a ration for 70 gold pieces
 12532 | D:10     | Bought a ration for 70 gold pieces
 12532 | D:10     | Bought a ration for 70 gold pieces
 12532 | D:10     | Bought a ration for 70 gold pieces
 12532 | D:10     | Bought a ration for 70 gold pieces
 12532 | D:10     | Bought a ration for 70 gold pieces
 12532 | D:10     | Bought a ration for 70 gold pieces
 12532 | D:10     | Bought a ration for 70 gold pieces
 12532 | D:10     | Bought a ration for 70 gold pieces
 12532 | D:10     | Bought a ration for 70 gold pieces
 12581 | D:10     | HP: 36/75 [Fannar/quarterstaff of freezing (10)]
 12582 | D:10     | Killed Fannar
 12780 | D:10     | Found Toul's Gadget Emporium.
 12843 | D:10     | Noticed a two-headed ogre
 12913 | D:10     | HP: 20/75 [two-headed ogre/giant club (27)]
 12932 | D:10     | Found Roheneps's Gadget Boutique.
 12939 | D:10     | HP: 21/75 [bullfrog zombie (4)]
 13226 | D:10     | Noticed a two-headed ogre
 13437 | D:10     | Killed a two-headed ogre
 13443 | D:10     | HP: 36/75 [two-headed ogre/giant spiked club (11)]
 13444 | D:10     | Killed a two-headed ogre
 13444 | D:10     | Reached skill level 10 in Stealth
 14001 | D:10     | Noticed Sonja
 14006 | D:10     | Noticed a cyclops
 14022 | D:10     | Reached skill level 12 in Unarmed Combat
 14024 | D:10     | HP: 36/75 [yak (6)]
 14235 | D:10     | HP: 37/75 [disintegration (6)]
 14239 | D:10     | HP: 15/75 [something (4)]
 14240 | D:10     | HP: 6/75 [something (6)]
 14245 | D:10     | HP: 21/112 [poisoned by Sonja]
 14250 | D:10     | HP: 10/112 [poisoned by Sonja]
 14255 | D:10     | HP: 6/112 [poisoned by Sonja]
 14257 | D:10     | Killed Sonja
 14428 | D:10     | HP: 10/76 [cyclops/large rock (33)]
 14443 | D:10     | Slain by a yak

Skill      XL: |  1  2  3  4  5  6  7  8  9 10 11 |
---------------+----------------------------------+-----
Unarmed Combat | 4 5 7 8 10 11 12 | 12.1
Stealth        | 3 4 5 7 9 10 | 10.0
Shields        | 2 3 4 5 6 |  6.9
Fighting       | 4 5 6 7 |  7.7
Dodging        | 4 5 6 7 |  7.7
Short Blades   | 2 |  2.1

Action                   |  1- 3 |  4- 6 |  7- 9 | 10-12 || total
-------------------------+-------+-------+-------+-------++-------
Melee: Unarmed           |    69 |    76 |   305 |   318 ||   768
       Constrict         |    16 |    25 |    74 |    37 ||   152
       Tentacles         |    10 |    18 |    62 |    58 ||   148
       Punch             |       |     1 |    22 |    24 ||    47
       Dagger            |       |     1 |     4 |    15 ||    20
Throw: Stone             |       |       |       |     2 ||     2
Invok: Potion Petition   |       |       |       |     2 ||     2
Evoke: Wand              |       |       |       |     3 ||     3
  Use: Scroll            |     6 |     2 |    11 |     7 ||    26
       Potion            |       |       |     1 |     4 ||     5
 Stab: Sleeping          |     5 |     8 |    19 |    10 ||    42
       Distracted        |       |     1 |     4 |     2 ||     7
  Eat: Chunk             |     4 |     5 |     3 |       ||    12
       Ration            |       |       |     5 |     4 ||     9
Armor: Skin              |     2 |     5 |     6 |    40 ||    53
Dodge: Dodged            |    43 |    37 |   126 |   143 ||   349
Block: Shield            |       |       |    67 |   136 ||   203

Vault maps used:
D:1:      mrwooster_arrival_statue_3, corexii_item_surrounded_by_moat,
          minmay_pentomino_v2
D:2:      minmay_diamond_boxcup, grunt_decor_one_mirror, uniq_robin
D:3:      uniq_grinder
D:4:      chequers_temple_overflow_minitemple, nicolae_ossuary_entry_giza,
          first_ration, serial_shops, shop_fountains, uniq_pikel
D:5:      uniq_prince_ribbit1, uniq_blork_the_orc
D:6:      grunt_temple_overflow_order_and_chaos_1,
          minmay_temple_entry_statues_fountains
D:7:      serial_shops, shop
D:8:      cheibrodos_steamvent, basic_altar, serial_shops, shop
D:9:      orc_david_3, serial_shops, nicolae_shop_competitors_out_of_business,
          uniq_erolcha
D:10:     serial_glass, glass_columns_b, glass_columns_a, serial_shops,
          kennysheep_mini_moat, nicolae_shop_stone, nicolae_shop_stone, shop,
          uniq_sonja, uniq_psyche, uniq_fannar
Ossuary:  ossuary_tomb_3
